 Dungeon Crawl Stone Soup version 0.29.1-15-g9cfb28693d (webtiles) character file.

Game seed: 4640168377504314656

226 tizbic2 the Chopper (level 5, -2/45 HPs)
             Began as a Demigod Fighter on Apr 6, 2023.
             Slain by a gnoll
             ... wielding a +0 club
              (6 damage)
             ... on level 3 of the Dungeon.
             The game lasted 00:08:31 (2097 turns).

tizbic2 the Chopper (Demigod Fighter)               Turns: 2097, Time: 00:08:33

Health: -2/45      AC:  9    Str: 21    XL:     5   Next: 41%
Magic:  7/7        EV:  7    Int: 10    God:
Gold:   120        SH:  8    Dex: 13    Spells: 4/4 levels left

rFire   + . .      SeeInvis .   a - +1 war axe
rCold   . . .      Faith    .   c - +3 buckler
rNeg    . . .      Spirit   .   q - +0 chain mail
rPois   .          Reflect  .   (no helmet)
rElec   .          Harm     .   (no cloak)
rCorr   .          Rampage  .   (no gloves)
Will    .....                   (no boots)
Stlth   ..........              g - amulet of regeneration
HPRegen 0.95/turn               s - ring of protection from fire
MPRegen 0.10/turn               (no ring)

@: no status effects
A: high MP 1, forlorn, divine attributes
a: no special abilities


You were on level 3 of the Dungeon.
You visited 1 branch of the dungeon, and saw 3 of its levels.

You collected 120 gold pieces.

Inventory:

Hand Weapons
 a - a +1 war axe (weapon)
 k - a +1 dagger of freezing
 n - a +0 trident
 w - a +0 sling
Missiles
 h - 8 poisoned darts
Armour
 b - a +0 scale mail
 c - a +3 buckler (worn)
 m - a +0 ring mail
 q - a +0 chain mail (worn)
Jewellery
 g - an amulet of regeneration (around neck)
 s - a ring of protection from fire (left hand)
Scrolls
 i - a scroll of summoning
 j - a scroll of teleportation {unknown}
 l - a scroll of noise {unknown}
 p - a scroll of vulnerability
 r - a scroll of poison {unknown}
Potions
 d - a potion of might
 e - 2 potions of attraction
 f - a potion of curing
 o - a potion of lignification


   Skills:
 + Level 3.5 Fighting
 * Level 3.7 Axes
 + Level 3.5 Armour
 + Level 3.5 Shields


You had 4 spell levels left.
You didn't know any spells.
Your spell library was empty.

Dungeon Overview and Level Annotations

Branches:
Dungeon (3/15)


Innate Abilities, Weirdness & Mutations

You have an increased reservoir of magic. (+10% MP)
You shall have no god before yourself.
Your divine heritage dramatically boosts your attributes as you level up.


Message History

You barely miss the orc priest.
The orc priest is severely wounded.
You slash the orc!
You kill the orc!
You slash something! You block the orc priest's attack.
Something hits you but does no damage. x2; You block the orc priest's attack.
You hit the orc priest but do no damage.
The orc priest is severely wounded.
You miss something.
The hobgoblin shoots a sling bullet.
You block the sling bullet. The orc priest hits you with a +0 whip.
Something hits you.
You hit the orc priest.
The orc priest is severely wounded.
You closely miss the hobgoblin. You miss something.
The orc priest invokes the aid of Beogh against you.
Beogh smites you!
* * * LOW HITPOINT WARNING * * *
Something hits you but does no damage.
The hobgoblin unwields a +0 sling.
The hobgoblin barely misses you. Something hits you but does no damage.
The orc priest hits you with a +0 whip.
* * * LOW HITPOINT WARNING * * *
You slash the orc priest!
You kill the orc priest!
You slash the hobgoblin!
You kill the hobgoblin!
You slash something!
Reactivating autopickup.
You feel a bit more experienced. You block the gnoll's attack.
The hobgoblin shoots a sling bullet.
The sling bullet barely misses you.
The hobgoblin unwields a +0 sling.
You block the hobgoblin's attack. The gnoll hits you with a +0 halberd.
* * * LOW HITPOINT WARNING * * *
You see here a +0 sling.
You slash the gnoll!
The gnoll is almost dead.
You barely miss the hobgoblin. You closely miss the gnoll.
The gnoll hits you with a +0 halberd!
* * * LOW HITPOINT WARNING * * *
You block the hobgoblin's attack. The gnoll hits you with a +0 club.
You die...

.........g.......
........gg#######
#########g†.....#
###.#
#..)####.##....#
##...####.##....#
........#.##....#
#.#######.#.##....#
.?.#.)^..#.gg##....#
...#...$.#.gg@.....#
...#.._..#..g).)...#
#...$$#....))..†#
#$....#.........#
###+###.........#
................#
##...###......#..#
#... #......+.##
..... ##......####


You could see 3 gnolls, a hobgoblin and a goblin.

Vanquished Creatures
  2 orc priests (D:3)
  Natasha (thrice) (D:2)
  An orc wizard (D:3)
  An adder (D:3)
  3 dart slugs
  4 orcs (D:3)
  3 ball pythons
  3 endoplasms
  4 giant cockroaches (D:1)
  6 goblins
  4 hobgoblins
  4 jackals (D:1)
  2 quokkas
  3 bats
  3 frilled lizards
  4 kobolds
  3 rats
53 creatures vanquished.

Notes
Turn   | Place    | Note
-------+----------+-------------------------------------------
     0 | D:1      | tizbic2 the Demigod Fighter began the quest for the Orb.
     0 | D:1      | Reached XP level 1. HP: 18/18 MP: 3/3
    95 | D:1      | Reached XP level 2. HP: 25/25 MP: 4/4
   808 | D:2      | Reached XP level 3. HP: 31/31 MP: 5/5
  1009 | D:2      | Noticed Natasha
  1036 | D:2      | Killed Natasha
  1478 | D:2      | Noticed Natasha
  1483 | D:2      | Killed Natasha
  1484 | D:2      | Reached XP level 4. HP: 38/38 MP: 6/6
  1792 | D:2      | Noticed Natasha
  1816 | D:2      | Killed Natasha
  2073 | D:3      | Reached XP level 5. HP: 17/45 MP: 7/7
  2097 | D:3      | Slain by a gnoll

Illustrated notes

Levels and vault maps discovered:
D:1:      minmay_arrival_jagged, layout_loops_cross, minmay_misc_feat_chi
D:2:      layout_basic, chequers_ecumenical_altar_twisty, basic_altar,
          uniq_natasha
D:3:      minmay_goblin_kobold_castle, layout_basic, amcnicky_altar_gilded

Skill      XL: |  1  2  3 |
---------------+----------+-----
Axes           | 2 3 |  3.7
Fighting       | 3 |  3.5
Shields        | 3 |  3.5
Armour         | 3 |  3.5

Action                   |  1- 3 |  4- 6 || total
-------------------------+-------+-------++-------
Melee: War axe           |   116 |    32 ||   148
       Dagger            |     3 |       ||     3
 Fire: Sling             |    24 |     6 ||    30
  Use: Scroll            |     8 |     3 ||    11
Armor: Scale mail        |    47 |       ||    47
       Chain mail        |     8 |    33 ||    41
Dodge: Dodged            |    57 |    23 ||    80
Block: Buckler           |    37 |    34 ||    71
